 Dungeon Crawl Stone Soup version 0.28.0-53-g5a82cb258f (webtiles) character file.

Game seed: 251186366581746686

86 funkygono the Covered (level 4, 0/40 HPs)
             Began as a Minotaur Fighter on July 7, 2022.
             Killed by divine providence
             ... invoked by an orc priest
              (9 damage)
             ... on level 3 of the Dungeon.
             The game lasted 00:01:56 (1870 turns).

funkygono the Covered (Minotaur Fighter)            Turns: 1870, Time: 00:01:57

Health: 0/40       AC:  7    Str: 22    XL:     4   Next: 27%
Magic:  3/3        EV:  9    Int:  5    God:
Gold:   131        SH:  4    Dex: 10    Spells: 3/3 levels left

rFire   . . .      SeeInvis .   a - +0 long sword
rCold   . . .      Faith    .   c - +0 buckler
rNeg    . . .      Spirit   .   b - +0 scale mail
rPois   .          Reflect  .   (helmet restricted)
rElec   .          Harm     .   (no cloak)
rCorr   .          Rampage  .   (no gloves)
Will    .....                   (no boots)
Stlth   ..........              l - amulet of regeneration
HPRegen 0.93/turn               (no ring)
MPRegen 0.08/turn               (no ring)

@: no status effects
A: horns 2, retaliatory headbutt
a: no special abilities


You were on level 3 of the Dungeon.
You visited 1 branch of the dungeon, and saw 3 of its levels.

You collected 131 gold pieces.

Inventory:

Hand Weapons
 a - a +0 long sword (weapon)
Missiles
 p - a boomerang (quivered)
Armour
 b - a +0 scale mail (worn)
 c - a +0 buckler (worn)
Jewellery
 l - an amulet of regeneration (around neck)
Scrolls
 i - 3 scrolls of identify {unknown}
 j - a scroll of blinking {unknown}
 q - a scroll of fog {unknown}
 r - a scroll of magic mapping {unknown}
Potions
 d - a potion of might
 e - a potion of lignification {unknown}
 f - a potion of heal wounds {unknown}
 g - 2 potions of flight {unknown}
 h - a potion of haste {unknown}
 k - 2 potions of curing {unknown}
 m - a potion of attraction {unknown}
 n - a potion of magic {unknown}
 o - 2 potions of resistance {unknown}
 s - a potion of cancellation {unknown}


   Skills:
 + Level 4.2 Fighting
 + Level 3.4 Long Blades
 + Level 4.8 Armour
 + Level 0.1 Dodging
 + Level 0.1 Stealth
 + Level 4.1 Shields


You had 3 spell levels left.
You didn't know any spells.
Your spell library contained the following spells:

 Spells                   Type           Power      Damage    Failure   Level
 Portal Projectile        Hex/Tloc       0%         N/A       99%         3
 Blade Hands              Tmut           0%         N/A       100%        5
 Excruciating Wounds      Necr           0%         N/A       100%        5


Dungeon Overview and Level Annotations

Branches:
Dungeon (3/15)

Altars:


Innate Abilities, Weirdness & Mutations

You have a pair of horns on your head.
You reflexively headbutt those who attack you in melee.


Message History

You furiously retaliate!
You headbutt the adder. You slash the adder!
You kill the adder!
You see here an adder corpse.
A bat comes into view.
The bat moves out of view.
The bat barely misses you. You furiously retaliate!
You headbutt the bat. You completely miss the bat.
The bat is severely wounded.
The bat hits you but does no damage.
You hit the bat.
You kill the bat!
An orc comes into view. It is wielding a +0 club.
The orc shouts!
You hear a shout!
An orc comes into view. It is wielding a +0 short sword.
Found a stone staircase leading down.
The orc shouts!
An orc comes into view. It is wielding a +0 flail.
The orc shouts!
You block the orc's attack.
An orc priest comes into view. It is wielding a +0 short sword.
The orc hits you but does no damage. The orc hits you with a +0 flail!
The orc barely misses you. x2
You furiously retaliate!
You headbutt the orc!
You kill the orc!
You block the orc's attack.
You barely miss the orc priest. The orc hits you but does no damage.
The orc hits you with a +0 short sword. You block the orc priest's attack.
You barely miss the orc priest. You headbutt the orc priest.
The orc priest is lightly wounded.
The orc hits you with a +0 flail. The orc misses you.
The orc priest mumbles some strange prayers to Beogh against you.
Beogh smites you! The orc hits you with a +0 flail.
* * * LOW HITPOINT WARNING * * *
The orc hits you but does no damage.
You closely miss the orc priest. Your headbutt misses the orc priest.
The orc priest is lightly wounded.
The orc priest invokes the aid of Beogh against you.
Beogh smites you!
You die...

#........#
##
#........#
#. #........
#.
###.......
#.
#.......####
#.
#...>.......
+.
#...o.......
#.
#...@.......
###
+...oo..#.##
...
##..)....#.#
...
#........#.#
...
#........#.#
...
#.#.....#..#
...
#.#.#.##...+
...
#..........#
...
#.....#....#
...


You could see an orc priest and 2 orcs.

Vanquished Creatures
  An orc wizard (D:3)
  2 adders
  A dart slug (D:3)
  4 orcs (D:3)
  2 ball pythons
  5 bats
  5 goblins
  4 hobgoblins
  4 jackals (D:1)
  2 quokkas (D:1)
  A frilled lizard (D:1)
  4 kobolds
  3 rats (D:1)
38 creatures vanquished.

Vanquished Creatures (others)
  An orc (D:3)
1 creature vanquished.

Grand Total: 39 creatures vanquished

Notes
Turn   | Place    | Note
-------+----------+-------------------------------------------
     0 | D:1      | funkygono the Minotaur Fighter began the quest for the Orb.
     0 | D:1      | Reached XP level 1. HP: 19/19 MP: 0/0
   218 | D:1      | Reached XP level 2. HP: 27/27 MP: 1/1
  1068 | D:2      | Reached XP level 3. HP: 33/33 MP: 2/2
  1189 | D:2      | Found a faded altar of an unknown god.
  1702 | D:3      | Reached XP level 4. HP: 34/40 MP: 3/3
  1870 | D:3      | Killed from afar by an orc priest

Illustrated notes

Levels and vault maps discovered:
D:1:      ebering_trefoil_twist, layout_basic
D:2:      layout_basic, basic_ecumenical_altar, minmay_misc_feat_alley
D:3:      layout_basic, gammafunk_ghost_necromancy

Skill      XL: |  1  2  3 |
---------------+----------+-----
Armour         | 4 |  4.8
Shields        | 4 |  4.1
Fighting       | 4 |  4.2
Long Blades    | 3 |  3.4
Dodging        | |  0.1
Stealth        | |  0.1

Action                   |  1- 3 |  4- 6 || total
-------------------------+-------+-------++-------
Melee: Long sword        |    53 |    17 ||    70
       Headbutt          |     2 |     2 ||     4
Armor: Scale mail        |    28 |    11 ||    39
Dodge: Dodged            |    31 |    12 ||    43
Block: Buckler           |     7 |     3 ||    10
